 Dungeon Crawl Stone Soup version 0.31-a0-1-g4198be8af4 (webtiles) character file.

Game seed: 8836157009782200637

73 cheesebisquit the Magician (level 4, 0/55 HPs)
             Began as a Draconian Fire Elementalist on May 2, 2023.
             Killed from afar by Ijyb (11 damage)
             ... with a puff of flame
             ... on level 2 of the Dungeon.
             The game lasted 00:06:19 (1771 turns).

cheesebisquit the Magician (DrFE)                   Turns: 1771, Time: 00:06:19

Health: 0/55       AC: 22    Str: 10    XL:     4   Next: 8%
Magic:  3/8        EV:  2    Int: 17    God:
Gold:   64         SH:  0    Dex: 12    Spells: 8/9 levels left

rFire   . . .        c - +2 dagger (protect)
rCold   . . .        (no shield)
rNeg    . . .        (body armour unavailable)
rPois   +            (helmet currently unavailable)
rElec   .            (cloak currently unavailable)
rCorr   .            (gloves currently unavailable)
SInv    .            (boots currently unavailable)
Will    .....        (no amulet)
Stlth   ++           (no ring)
HPRegen 0.29/turn    (no ring)
MPRegen 0.11/turn

%: no passive effects
@: tree-form
A: stationary, stasis, torment immunity, boosted hp, AC +5, unfitting armour,
(cold-blooded)
a: no special abilities


You were on level 2 of the Dungeon.
You were a tree.
You visited 1 branch of the dungeon, and saw 3 of its levels.

You collected 64 gold pieces.

Inventory:

Hand Weapons
 c - a +2 dagger of protection (weapon)
Scrolls
 a - a scroll of teleportation {unknown}
 b - 3 scrolls of identify {unknown}
 d - a scroll of enchant weapon {unknown}
 g - a scroll of fog {unknown}
 i - a scroll of blinking {unknown}
Potions
 e - a potion of lignification
 f - a potion of attraction {unknown}
 h - a potion of mutation {unknown}


   Skills:
 + Level 2.8 Fighting
 - Level 1.7 Dodging
 - Level 1.7 Stealth
 + Level 3.2 Spellcasting
 - Level 1.0 Conjurations
 - Level 3.0 Fire Magic


You had 8 spell levels left.
You knew the following spells:

 Your Spells              Type           Power      Damage    Failure   Level
a - Foxfire               Conj/Fire      36%        2x1d5     8%          1

Your spell library contained the following spells:

 Spells                   Type           Power      Damage    Failure   Level
 Scorch                   Fire           24%        2d6       8%          2
 Blink                    Tloc           4%         N/A       26%         2
 Cigotuvi's Dreadful Rot  Necr/Pois/Air  4%         N/A       26%         2
 Inner Flame              Hex/Fire       7%         N/A       28%         3
 Volatile Blastmotes      Fire/Tloc      14%        2d11      28%         3
 Flame Wave               Conj/Fire      9%         2d6       58%         4
 Dispel Undead            Necr           2%         3d7       86%         4
 Manifold Assault         Tloc           2%         N/A       86%         4
 Death Channel            Necr           1%         N/A       100%        6
 Storm Form               Tmut/Air       1%         N/A       100%        7


Dungeon Overview and Level Annotations

Branches:
Dungeon (3/15)

Altars:

Shops:
D:2 (

Annotations:
D:2 Ijyb


Innate Abilities, Weirdness & Mutations

You are a tree.
Your roots penetrate the ground, keeping you stationary.
You cannot be teleported.
You are immune to unholy pain and torment.
Your maximum health is greatly increased.
Your equipment is partially melded.
((Your plain brown scales are hard. (AC +5)))
You cannot fit into any form of body armour.
((You are cold-blooded and may be slowed by cold attacks.))


Message History

Ijyb hits you with a +0 dagger.
You climb upwards.
Your magical contamination has completely faded away.
There is a stone staircase leading down here.
You conjure some foxfire!
Ijyb zaps a wand.
The puff of flame hits you.
You are too injured to fight recklessly!
You barely miss Ijyb.
Ijyb is lightly wounded.
The foxfire hits Ijyb but does no damage.
Ijyb is lightly wounded.
The foxfire hits Ijyb but does no damage.
Ijyb is lightly wounded.
Ijyb hits you but does no damage.
You are too injured to fight recklessly!
Casting: Foxfire (safe; 8% risk of failure)
Press: ? - help, Q - select action Dir - look around, f - activate You conjure some foxfire!
Ijyb hits you with a +0 dagger.
You closely miss Ijyb.
Ijyb is lightly wounded.
The foxfire hits Ijyb.
Ijyb is moderately wounded.
The foxfire hits Ijyb but does no damage.
Ijyb is moderately wounded.
Ijyb hits you with a +0 dagger.
Casting: Foxfire (safe; 8% risk of failure)
Press: ? - help, Q - select action Dir - look around, f - activate You conjure some foxfire!
Ijyb barely misses you.
You closely miss Ijyb.
Ijyb is moderately wounded.
The foxfire hits Ijyb.
Ijyb is moderately wounded.
The foxfire hits Ijyb but does no damage.
Ijyb is moderately wounded.
Ijyb zaps a wand.
The puff of flame hits you.
* * * LOW HITPOINT WARNING * * *
It was a potion of lignification.
You turn into a tree.
Your roots penetrate the ground.
Ijyb zaps a wand.
The puff of flame hits you!
You die...

.####.....# ##.#.#.#.####.....#
########### #.#..<#.#..#...####
#........# #...#.#.#.........#
#...(..).#### #.#.#.#.#...#.#.#.#
#..####..#..#####...#.....(.....#
'..# #..'...######...#...#.#.#.#
'..# #..†.#........#...<.......#
#..####).######.g..#####..#.#.#.#
#..[.....# #.♣..#............#
#........# ####.#.#####.######
########## #.#.# #....... #.#.#
##.##### #.#.# #.#.... #.#.#
#.#.##. #.#.# #.#.... #.#.#
#.####. #.#.######......


You could see Ijyb.

Vanquished Creatures
  3 adders (D:2)
  A dart slug (D:2)
  A ball python (D:2)
  5 bats
  5 endoplasms
  3 giant cockroaches
  A hobgoblin (D:2)
  3 jackals (D:2)
  6 frilled lizards
  4 goblins (D:1)
  8 kobolds
  5 rats
45 creatures vanquished.

Vanquished Creatures (others)
  136 foxfires
136 creatures vanquished.

Grand Total: 181 creatures vanquished

Notes
Turn   | Place    | Note
-------+----------+-------------------------------------------
     0 | D:1      | cheesebisquit the Draconian Fire Elementalist began the
                  | quest for the Orb.
     0 | D:1      | Reached XP level 1. HP: 14/14 MP: 3/3
   206 | D:1      | Reached skill level 1 in Fighting
   289 | D:1      | Reached XP level 2. HP: 23/23 MP: 1/5
   982 | D:2      | Reached XP level 3. HP: 29/29 MP: 2/7
  1233 | D:2      | Found a faded altar of an unknown god.
  1565 | D:2      | Reached XP level 4. HP: 37/37 MP: 5/8
  1614 | D:2      | Found Nysaew's Weapon Emporium.
  1757 | D:3      | Noticed Ijyb
  1771 | D:2      | Killed from afar by Ijyb

Illustrated notes

Levels and vault maps discovered:
D:1:      lemuel_arrival_lava_pool, layout_basic, minmay_tripent
D:2:      layout_basic, hellmonk_ecumenical_altar_dog_temple, serial_glass,
          glass_columns_c, glass_columns_a, glass_columns_c, glass_columns_c,
          glass_columns_b, glass_columns_a, serial_shops,
          nicolae_shop_getting_attention, kennysheep_generic_room_6
D:3:      layout_loops_corners, minmay_misc_feat_five, uniq_crazy_yiuf_cottage,
          uniq_sigmund, uniq_ijyb, uniq_jessica

Skill      XL: |  1  2  3 |
---------------+----------+-----
Fighting       | 1 2 |  2.8
Spellcasting   | 3 |  3.2
Dodging        | |  1.7
Stealth        | |  1.7
Conjurations   | |  1.0
Fire Magic     | |  3.0

Action                     |  1- 3 |  4- 6 || total
---------------------------+-------+-------++-------
  Melee: Unarmed           |    20 |       ||    20
         Tailslap          |     1 |       ||     1
         Dagger            |     9 |     3 ||    12
   Cast: Foxfire           |    70 |     5 ||    75
    Use: Potion            |     1 |     1 ||     2
 Armour: Skin              |    10 |     1 ||    11
  Dodge: Dodged            |    19 |     1 ||    20

Table legend: (Time is in decaauts)
 A = Elapsed time spent in this place.
 B = Non-inter-level travel time spent in this place.
 C = Inter-level travel time spent in this place.
 D = Time resting spent in this place.
 E = Time spent auto-exploring this place.
 F = Levels seen in this place.
 G = Mean time per level.
                   A        B        C        D        E       F      G
               +--------+--------+--------+--------+--------+-----+--------+
         Total |   1770 |   1730 |     40 |      0 |   1456 |   3 |  590.0 |
       Dungeon |   1770 |   1730 |     40 |      0 |   1456 |   3 |  590.0 |
               +--------+--------+--------+--------+--------+-----+--------+

Top non-repeatable levels by time:
     D:1: 987 daAuts
     D:2: 774 daAuts
     D:3: 7 daAuts
